PAA
ASHEVILLE HIGHLANDERS @ LITTLE CAESARS HOT N READYS
09/16/2028
 
TOP OF THE 1ST
Asheville Highlanders batting - Pitching for Little Caesars Hot N Readys : RHP Liam Thomson
Pitching: RHP Liam Thomson
Batting: RHB Paco Muñóz 0-0: Foul Ball, location: 2F
0-1: Foul Ball, location: 2F
0-2: Ball
1-2: Ball
2-2: Ball
3-2: Foul Ball, location: 2F
3-2: Foul Ball, location: 2F
3-2: SINGLE (Groundball, 6MD)
Batting: RHB Miguel Montoya 0-0: Called Strike
0-1: Ball
1-1: Called Strike
1-2: Foul Ball, location: 2F
1-2: SINGLE (Groundball, 6MD)
Paco Muñóz to second
Batting: RHB Rich Flannery 0-0: Ball
1-0: Ball
Wild Pitch!
Paco Muñóz to third
Miguel Montoya to second
2-0: Foul Ball, location: 2F
2-1: Swinging Strike
2-2: Strikes out swinging
Batting: RHB Chris Oudekirk 0-0: Ball
1-0: Ball
2-0: Ball
3-0: Called Strike
3-1: Base on Balls
Batting: RHB Jan Gosselin 0-0: Foul Ball, location: 2F
0-1: Foul Ball, location: 2F
0-2: Foul Ball, location: 2F
0-2: Fielders Choice at 2nd, 4-6 (Groundball, 4M)
Paco Muñóz scores
Miguel Montoya to third
Batting: RHB Armando González 0-0: Ball
1-0: Foul Ball, location: 2F
1-1: Fly out, F7 (Flyball, 7LM)
Top of the 1st over - 1 run(s), 2 hit(s), 0 error(s), 2 left on base; Asheville 1 - Little Caesars 0
BOTTOM OF THE 1ST
Little Caesars Hot N Readys batting - Pitching for Asheville Highlanders : RHP Claudio Salazar
Pitching: RHP Claudio Salazar
Batting: LHB Pedro García 0-0: Fly out, F9 (Flyball, 9S)
Batting: SHB Tony Gutiérrez 0-0: Foul Ball, location: 2F
0-1: Foul Ball, location: 2F
0-2: SINGLE (Groundball, 6MD)
Batting: RHB Lorenzo Ruíz 0-0: Fly out, F4 (Popup, 4)
Batting: RHB Júlio Morín 0-0: Ball
1-0: Foul Ball, location: 2F
1-1: SINGLE (Groundball, 56) (infield hit)
Tony Gutiérrez to second
Batting: RHB Luis Aragón 0-0: Foul Ball, location: 2F
0-1: Ball
1-1: Foul Ball, location: 2F
1-2: Fielders Choice at 2nd, 6-4 (Groundball, 6)
Bottom of the 1st over - 0 run(s), 2 hit(s), 0 error(s), 1 left on base; Asheville 1 - Little Caesars 0
TOP OF THE 2ND
Asheville Highlanders batting - Pitching for Little Caesars Hot N Readys : RHP Liam Thomson
Batting: RHB Ed Lastinger 0-0: Called Strike
0-1: Swinging Strike
0-2: Foul Ball, location: 2F
0-2: Foul Ball, location: 2F
0-2: Ball
1-2: Ball
2-2: Ball
3-2: Base on Balls
Batting: RHB Bill Tan 0-0: Swinging Strike
0-1: Ball
1-1: Grounds into double play, 6-4-3 (Groundball, 6)
Batting: RHB Marshall Attwood 0-0: Ground out 6-3 (Groundball, 6)
Top of the 2nd over - 0 run(s), 0 hit(s), 0 error(s), 0 left on base; Asheville 1 - Little Caesars 0
BOTTOM OF THE 2ND
Little Caesars Hot N Readys batting - Pitching for Asheville Highlanders : RHP Claudio Salazar
Batting: LHB Sean Angwin 0-0: DOUBLE (Flyball, 9LM)
Batting: LHB Greg Scroggins 0-0: Ball
1-0: Ground out 4-3 (Groundball, 4)
Sean Angwin to third
Batting: SHB Bernard Gauthier 0-0: Foul Ball, location: 2F
0-1: Fly out, F7 (Flyball, 7D)
Runner from 3rd tags up, SCORES, no throw
Batting: SHB Allen Pandey 0-0: Called Strike
0-1: Foul Ball, location: 2F
0-2: Foul Ball, location: 2F
0-2: Ball
1-2: Foul Ball, location: 2F
1-2: Ground out 6-3 (Groundball, 6)
Bottom of the 2nd over - 1 run(s), 1 hit(s), 0 error(s), 0 left on base; Asheville 1 - Little Caesars 1
TOP OF THE 3RD
Asheville Highlanders batting - Pitching for Little Caesars Hot N Readys : RHP Liam Thomson
Batting: RHB Paco Muñóz 0-0: Ball
1-0: Fly out, F8 (Flyball, 89M)
Batting: RHB Miguel Montoya 0-0: Ball
1-0: Ball
2-0: Foul Ball, location: 2F
2-1: Foul Ball, location: 2F
2-2: Ground out 5-3 (Groundball, 25)
Batting: RHB Rich Flannery 0-0: Ball
1-0: Called Strike
1-1: Swinging Strike
1-2: Foul Ball, location: 2F
1-2: Ball
2-2: Ball
3-2: Base on Balls
Batting: RHB Chris Oudekirk 0-0: Foul Ball, location: 2F
0-1: Called Strike
0-2: Foul Ball, location: 2F
0-2: Ball
Wild Pitch!
Rich Flannery to second
1-2: Ball
2-2: Foul Ball, location: 2F
2-2: Strikes out looking
Top of the 3rd over - 0 run(s), 0 hit(s), 0 error(s), 1 left on base; Asheville 1 - Little Caesars 1
BOTTOM OF THE 3RD
Little Caesars Hot N Readys batting - Pitching for Asheville Highlanders : RHP Claudio Salazar
Batting: LHB Pedro García 0-0: Ground out 4-3 (Groundball, 4)
Batting: SHB Tony Gutiérrez 0-0: Swinging Strike
0-1: Called Strike
0-2: Ball
1-2: SINGLE (Flyball, 7LS)
Batting: RHB Lorenzo Ruíz 0-0: Ball
Tony Gutiérrez steals 2nd base
1-0: Swinging Strike
1-1: Ball
2-1: Foul Ball, location: 2F
2-2: Fly out, F6 (Popup, 5D)
Batting: RHB Júlio Morín 0-0: Called Strike
0-1: Ball
1-1: Ball
2-1: Foul Ball, location: 2F
2-2: Ground out 6-3 (Groundball, 6S)
Bottom of the 3rd over - 0 run(s), 1 hit(s), 0 error(s), 1 left on base; Asheville 1 - Little Caesars 1
TOP OF THE 4TH
Asheville Highlanders batting - Pitching for Little Caesars Hot N Readys : RHP Liam Thomson
Batting: RHB Jan Gosselin 0-0: Ball
1-0: Ball
2-0: Ball
3-0: Called Strike
3-1: Base on Balls
Batting: RHB Armando González 0-0: Ball
1-0: Grounds into double play, 4-6-3 (Groundball, 4)
Batting: RHB Ed Lastinger 0-0: Fly out, F8 (Flyball, 8RM)
Top of the 4th over - 0 run(s), 0 hit(s), 0 error(s), 0 left on base; Asheville 1 - Little Caesars 1
BOTTOM OF THE 4TH
Little Caesars Hot N Readys batting - Pitching for Asheville Highlanders : RHP Claudio Salazar
Batting: RHB Luis Aragón 0-0: Ball
1-0: Foul Ball, location: 2F
1-1: Called Strike
1-2: Foul Ball, location: 2F
1-2: Ball
2-2: Foul Ball, location: 2F
2-2: Ball
3-2: DOUBLE (Line Drive, 8LD)
Batting: LHB Sean Angwin 0-0: Foul Ball, location: 2F
0-1: Ball
1-1: Ball
2-1: Ball
3-1: Swinging Strike
3-2: Base on Balls
Batting: LHB Greg Scroggins 0-0: Called Strike
0-1: Ball
1-1: Foul Ball, location: 2F
1-2: Ball
2-2: DOUBLE (Groundball, 3L)
Luis Aragón scores
Sean Angwin to third
Batting: SHB Bernard Gauthier 0-0: Called Strike
0-1: Swinging Strike
0-2: Ball
1-2: Ground out 1-3 (Groundball, P)
Batting: SHB Allen Pandey 0-0: SINGLE (Line Drive, 8RS)
Sean Angwin scores
Greg Scroggins to third
Batting: LHB Pedro García 0-0: Ball
1-0: Foul Ball, location: 2F
1-1: Ball
2-1: Fly out, F7 (Flyball, 7S)
Batting: SHB Tony Gutiérrez 0-0: Called Strike
0-1: Ball
1-1: Ball
2-1: Ball
3-1: SINGLE (Groundball, 56D)
Greg Scroggins scores
Allen Pandey to second
Pitching: RHP Tom Hernández
Batting: RHB Lorenzo Ruíz 0-0: Called Strike
0-1: Ball
1-1: Called Strike
1-2: Ball
2-2: Ball
3-2: Base on Balls
Allen Pandey to third
Tony Gutiérrez to second
Batting: RHB Júlio Morín 0-0: Ball
1-0: GRAND SLAM HOME RUN (Flyball, 78XD), Distance : 431 ft
Batting: RHB Luis Aragón 0-0: Called Strike
0-1: SINGLE (Line Drive, 6MD)
Batting: LHB Sean Angwin 0-0: Swinging Strike
0-1: Called Strike
Luis Aragón is caught stealing 2nd base
Bottom of the 4th over - 7 run(s), 6 hit(s), 0 error(s), 0 left on base; Asheville 1 - Little Caesars 8
TOP OF THE 5TH
Asheville Highlanders batting - Pitching for Little Caesars Hot N Readys : RHP Liam Thomson
Batting: RHB Bill Tan 0-0: Ball
1-0: Fly out, F4 (Popup, 34)
Batting: RHB Marshall Attwood 0-0: Ball
1-0: Ball
2-0: Called Strike
2-1: Ground out 5-3 (Groundball, 56S)
Batting: RHB Paco Muñóz 0-0: Foul Ball, location: 2F
0-1: Foul Ball, location: 2F
0-2: Foul Ball, location: 2F
0-2: Ball
1-2: Foul Ball, location: 2F
1-2: Ball
2-2: SINGLE (Flyball, 8RS)
Batting: RHB Miguel Montoya 0-0: Ball
1-0: Swinging Strike
1-1: Ball
2-1: Foul Ball, location: 2F
2-2: Strikes out swinging
Top of the 5th over - 0 run(s), 1 hit(s), 0 error(s), 1 left on base; Asheville 1 - Little Caesars 8
BOTTOM OF THE 5TH
Little Caesars Hot N Readys batting - Pitching for Asheville Highlanders : RHP Tom Hernández
Batting: LHB Sean Angwin 0-0: Called Strike
0-1: Ball
1-1: Foul Ball, location: 2F
1-2: Ball
2-2: Strikes out swinging
Batting: LHB Greg Scroggins 0-0: Fly out, F7 (Flyball, 7)
Batting: SHB Bernard Gauthier 0-0: Ball
1-0: Fly out, F9 (Flyball, 89D)
Bottom of the 5th over - 0 run(s), 0 hit(s), 0 error(s), 0 left on base; Asheville 1 - Little Caesars 8
TOP OF THE 6TH
Asheville Highlanders batting - Pitching for Little Caesars Hot N Readys : RHP Liam Thomson
Batting: RHB Rich Flannery 0-0: Ball
1-0: Foul Ball, location: 2F
1-1: Foul Ball, location: 2F
1-2: Ball
2-2: Fly out, F3 (Popup, 3S)
Batting: RHB Chris Oudekirk 0-0: Ball
1-0: Called Strike
1-1: Ball
2-1: Ground out 5-3 (Groundball, 5)
Batting: RHB Jan Gosselin 0-0: Ball
1-0: Ground out 4-3 (Groundball, 4)
Top of the 6th over - 0 run(s), 0 hit(s), 0 error(s), 0 left on base; Asheville 1 - Little Caesars 8
BOTTOM OF THE 6TH
Little Caesars Hot N Readys batting - Pitching for Asheville Highlanders : RHP Tom Hernández
Batting: SHB Allen Pandey 0-0: Ball
1-0: Swinging Strike
1-1: Fly out, F9 (Flyball, 9LMF)
Batting: LHB Pedro García 0-0: Ball
1-0: Swinging Strike
1-1: Called Strike
1-2: Ball
2-2: Foul Ball, location: 2F
2-2: Ball
3-2: Strikes out swinging
Batting: SHB Tony Gutiérrez 0-0: Ball
1-0: Ball
2-0: Ball
3-0: Called Strike
3-1: Called Strike
3-2: Ground out 4-3 (Groundball, 4)
Bottom of the 6th over - 0 run(s), 0 hit(s), 0 error(s), 0 left on base; Asheville 1 - Little Caesars 8
TOP OF THE 7TH
Asheville Highlanders batting - Pitching for Little Caesars Hot N Readys : RHP Liam Thomson
Batting: RHB Armando González 0-0: Ball
1-0: Ground out 5-3 (Groundball, 5)
Batting: RHB Ed Lastinger 0-0: Called Strike
0-1: Ball
1-1: Fly out, F4 (Line Drive, 4M)
Batting: RHB Bill Tan 0-0: Foul Ball, location: 2F
0-1: Ball
1-1: Ball
2-1: Ball
3-1: Swinging Strike
3-2: Foul Ball, location: 2F
3-2: Base on Balls
Pitching: RHP Gerardo Negrón
Batting: RHB Marshall Attwood 0-0: Ball
1-0: Called Strike
1-1: Foul Ball, location: 2F
1-2: SINGLE (Line Drive, 6MD)
Bill Tan to second
Batting: RHB Paco Muñóz 0-0: Ball
1-0: Called Strike
1-1: Ball
2-1: Called Strike
2-2: Foul Ball, location: 2F
2-2: Ball
3-2: Strikes out swinging
Top of the 7th over - 0 run(s), 1 hit(s), 0 error(s), 2 left on base; Asheville 1 - Little Caesars 8
BOTTOM OF THE 7TH
Little Caesars Hot N Readys batting - Pitching for Asheville Highlanders : RHP Tom Hernández
Batting: RHB Lorenzo Ruíz 0-0: Ball
1-0: Ball
2-0: Foul Ball, location: 2F
2-1: SINGLE (Line Drive, 56D)
Pitching: RHP Brandon McAllister
Batting: RHB Júlio Morín 0-0: Ball
1-0: Ball
2-0: Called Strike
2-1: Foul Ball, location: 2F
2-2: Foul Ball, location: 2F
2-2: Strikes out swinging
Batting: RHB Luis Aragón 0-0: Ball
1-0: Fly out, F7 (Line Drive, 78M)
Batting: LHB Sean Angwin 0-0: Ball
1-0: Ball
2-0: SINGLE (Groundball, 34D)
Lorenzo Ruíz to second
Runner from 2nd tries for 3rd, SAFE, throw made to third
Batting: LHB Greg Scroggins 0-0: Swinging Strike
0-1: Ball
1-1: Hit by Pitch
Sean Angwin to second
Batting: SHB Bernard Gauthier 0-0: Fly out, F8 (Flyball, 78M)
Bottom of the 7th over - 0 run(s), 2 hit(s), 0 error(s), 3 left on base; Asheville 1 - Little Caesars 8
TOP OF THE 8TH
Asheville Highlanders batting - Pitching for Little Caesars Hot N Readys : RHP Gerardo Negrón
Batting: RHB Miguel Montoya 0-0: Ball
1-0: Ground out 5-3 (Groundball, 56)
Batting: RHB Rich Flannery 0-0: Ball
1-0: Swinging Strike
1-1: Foul Ball, location: 2F
1-2: Foul Ball, location: 2F
1-2: Fly out, F8 (Flyball, 8LM)
Batting: RHB Chris Oudekirk 0-0: Called Strike
0-1: Ball
1-1: Ball
2-1: Swinging Strike
2-2: Strikes out swinging
Top of the 8th over - 0 run(s), 0 hit(s), 0 error(s), 0 left on base; Asheville 1 - Little Caesars 8
BOTTOM OF THE 8TH
Little Caesars Hot N Readys batting - Pitching for Asheville Highlanders : RHP Brandon McAllister
Batting: SHB Allen Pandey 0-0: Fly out, F8 (Flyball, 78S)
Batting: LHB Pedro García 0-0: Ground out 1-3 (Groundball, P)
Batting: SHB Tony Gutiérrez 0-0: Ball
1-0: Ball
2-0: Ball
3-0: Base on Balls
Batting: RHB Lorenzo Ruíz 0-0: Ball
Tony Gutiérrez steals 2nd base
1-0: Called Strike
1-1: Ball
2-1: Foul Ball, location: 2F
2-2: SINGLE (Line Drive, 7LM)
Tony Gutiérrez to third
Runner from 3rd tries for Home, SAFE, no throw
Batting: RHB Júlio Morín 0-0: Ground out 5-3 (Groundball, 56S)
Bottom of the 8th over - 1 run(s), 1 hit(s), 0 error(s), 1 left on base; Asheville 1 - Little Caesars 9
TOP OF THE 9TH
Asheville Highlanders batting - Pitching for Little Caesars Hot N Readys : RHP Gerardo Negrón
Batting: RHB Jan Gosselin 0-0: Ball
1-0: Ball
2-0: Foul Ball, location: 2F
2-1: Ball
3-1: Called Strike
3-2: SINGLE (Line Drive, 78S)
Batting: RHB Armando González 0-0: Ball
1-0: Foul Ball, location: 2F
1-1: Ball
2-1: Ball
3-1: Base on Balls
Jan Gosselin to second
Batting: RHB Ed Lastinger 0-0: Ball
1-0: SINGLE (Flyball, 9S)
Jan Gosselin to third
Armando González to second
Runner from 3rd tries for Home, SAFE, no throw
Batting: RHB Bill Tan 0-0: Called Strike
0-1: Ball
1-1: Grounds into double play, 4-6-3 (Groundball, 4)
Armando González to third
Batting: RHB Marshall Attwood 0-0: Called Strike
0-1: Called Strike
0-2: Strikes out swinging
Top of the 9th over - 1 run(s), 2 hit(s), 0 error(s), 1 left on base; Asheville 2 - Little Caesars 9
Wednesday, September 6th, 2017 - OOTP Baseball 17.12 Build 75